 Dungeon Crawl Stone Soup version 0.18-a0-1805-g8ab820f (webtiles) character file.

173 Mefis the Magician (level 5, 0/28 HPs)
             Began as a Deep Elf Wizard on Apr 26, 2016.
             Slain by a ball python (1 damage)
             ... in a sewer.
             The game lasted 00:15:18 (2120 turns).

Mefis the Magician (Deep Elf Wizard)                Turns: 2120, Time: 00:15:22

Health: 0/28       AC:  2    Str:  4    XL:     5   Next: 28%
Magic:  1/15       EV: 10    Int: 24    God:
Gold:   159        SH:  0    Dex: 13    Spells: 5 memorised, 5 levels left

rFire  . . .     SeeInvis .     h - +0 hunting sling
rCold  . . .     Gourm    .     a - +0 robe
rNeg   . . .     Faith    .     (no shield)
rPois  .         Spirit   .     b - +0 hat
rElec  .         Dismiss  .     (no cloak)
rCorr  .         Reflect  .     (no gloves)
SustAt .         Harm     .     (no boots)
MR     .....                    (no amulet)
Stlth  +++.......               (no ring)
                                (no ring)

@: constricted, not resistant to hostile enchantments, fairly stealthy
A: no striking features
a: no special abilities


You were in a sewer.
You were hungry.

You visited 1 branch of the dungeon, and saw 3 of its levels.
You also visited: Sewer.

You collected 159 gold pieces.

Inventory:

Hand Weapons
 h - a +0 hunting sling (weapon)
 t - a +0 short sword of venom
Missiles
 i - 113 stones
 n - 22 sling bullets (quivered)
 r - 14 poisoned needles
Armour
 a - a +0 robe (worn)
 b - a +0 hat (worn)
Scrolls
 e - 3 scrolls of identify {unknown}
 g - 2 scrolls of amnesia {unknown}
 j - 2 scrolls of enchant weapon {unknown}
 k - 3 scrolls of remove curse
 o - a scroll of magic mapping
 u - 3 scrolls of enchant armour {unknown}
Potions
 f - a potion of cure mutation {unknown}
 l - a potion of berserk rage {unknown}
 q - 2 potions of haste {unknown}
 s - a potion of beneficial mutation {unknown}
 x - a potion of agility
 z - a potion of curing {unknown}
 A - a potion of cancellation {unknown}
Books
 c - a book of Minor Magic

   Spells                             Type                      Level
   a - Magic Dart                     Conjuration                  1
   b - Blink                          Translocation                2
   c - Call Imp                       Summoning                    2
   d - Repel Missiles                 Charms/Air                   2
   e - Slow                           Hexes                        2
   f - Conjure Flame                  Conjuration/Fire             3
   g - Mephitic Cloud                 Conjuration/Poison/Air       3
 p - a book of Cantrips

   Spells                             Type                      Level
   a - Corona                         Hexes                        1
   b - Animate Skeleton               Necromancy                   1
   c - Summon Small Mammal            Summoning                    1
   d - Apportation                    Translocation                1
Comestibles
 d - 2 bread rations


   Skills:
 + Level 3.9 Dodging
 + Level 4.2 Stealth
 + Level 5.6 Spellcasting
 + Level 2.8 Conjurations
 - Level 1.1 Summonings
 - Level 1.1 Translocations


You had 5 spell levels left.
You knew the following spells:

 Your Spells              Type           Power        Failure   Level  Hunger
a - Magic Dart            Conj           ###.         2%          1    None
b - Call Imp              Summ           ##......     10%         2    None
c - Blink                 Tloc           N/A          10%         2    None
d - Repel Missiles        Chrm/Air       #.....       14%         2    None
e - Mephitic Cloud        Conj/Pois/Air  ##......     21%         3    #......


Dungeon Overview and Level Annotations

Branches:
Dungeon (3/15)

Altars:
Makhleb


Message History

Okay, then.
Read which item? (? for menu, Esc to quit)
As you read the scroll labeled CULLIE POGUM, it crumbles to dust.
The scroll dissolves into smoke.
It was a scroll of fog.
Your crimson imp disappears in a puff of smoke!
The ball python bites you.
* * * LOW HITPOINT WARNING * * *
The ball python barely misses you. The ball python constricts you.
The ball python bites you.
* * * LOW HITPOINT WARNING * * *
The ball python barely misses you. The river rat misses you.
The kobold barely misses you. The ball python closely misses you.
Read which item? (? for menu, Esc to quit)
As you read the scroll labeled WAUDUY KAGO, it crumbles to dust.
You hear whistling wind.
It was a scroll of random uselessness.
The ball python completely misses you.
* * * LOW HITPOINT WARNING * * *
The ball python constricts you. The ball python closely misses you.
The ball python bites you.
You die...

r.≈rr≈≈≈≈≈≈≈≈≈≈≈≈≈
≈≈≈≈≈≈≈≈≈≈≈≈≈≈≈≈≈#≈
≈≈≈≈≈≈≈≈≈≈≈≈≈≈≈≈≈≈#
≈≈≈≈≈≈≈≈≈≈≈≈≈≈≈≈≈#
...≈.≈≈≈≈≈≈≈≈≈≈≈≈# # #
.....≈..≈≈≈≈≈≈r§§# .#.!#
.........≈r≈§≈rSS#K....#
....5r....rr..Sr@KK...#
..........r..rrSS#§....#
##...........r§§r# .#.!#
####......###..### # #
######...## #### .∩#
##### ###


You could see 4 river rats, 5 ball pythons, 3 kobolds and a rat.

Vanquished Creatures
  2 adders
  5 giant geckos
  4 orcs (D:3)
  6 giant cockroaches
  4 goblins
  5 hobgoblins
  5 jackals
  5 kobolds
  A quokka (D:2)
  3 bats
  4 giant newts
  5 rats
49 creatures vanquished.

Vanquished Creatures (collateral kills)
  Sigmund (D:2)
  An adder (D:3)
  3 worms
  A giant cockroach (D:2)
  A hobgoblin (D:2)
  A bat (D:2)
  A giant newt (D:2)
  A kobold (D:2)
10 creatures vanquished.

Grand Total: 59 creatures vanquished

Notes
Turn   | Place    | Note
--------------------------------------------------------------
     0 | D:1      | Mefis the Deep Elf Wizard began the quest for the Orb.
     0 | D:1      | Reached XP level 1. HP: 10/10 MP: 7/7
   276 | D:1      | Reached XP level 2. HP: 15/15 MP: 4/9
   625 | D:1      | Reached skill level 5 in Spellcasting
   780 | D:1      | Learned a level 2 spell: Call Imp
   783 | D:1      | Learned a level 2 spell: Blink
   786 | D:1      | Learned a level 2 spell: Repel Missiles
   949 | D:2      | Reached XP level 3. HP: 16/19 MP: 1/11
  1173 | D:2      | Found a burning altar of Makhleb.
  1217 | D:2      | Noticed Sigmund
  1223 | D:2      | Learned a level 3 spell: Mephitic Cloud
  1241 | D:2      | Killed Sigmund
  1241 | D:2      | Reached XP level 4. HP: 24/24 MP: 1/13
  1788 | D:3      | Found a faded altar to an unknown god.
  1798 | D:3      | Reached XP level 5. HP: 26/28 MP: 9/15
  1969 | D:3      | Found a glowing drain.
  2067 | Sewer    | Entered a sewer
  2120 | Sewer    | HP: 1/28 [ball python (1)]
  2120 | Sewer    | Slain by a ball python

Vault maps used:
D:1:      lightli_iron_boxes
D:2:      lemuel_upstairs_altar, old_standard_altar, uniq_sigmund
D:3:      ecumenical_altar_2, first_bread, gup_sewer_entry_pipe, trog_wizard
Sewer:    sewer_minmay_treatment

Skill      XL: |  1  2  3  4 |
---------------+-------------+-----
Spellcasting   | 5 |  5.6
Stealth        | 3 4 |  4.2
Dodging        | 3 |  3.9
Conjurations   | 2 |  2.8
Summonings     | |  1.1
Translocations | |  1.1

Action                   |  1- 3 |  4- 6 || total
-------------------------+-------+-------++-------
Melee: Dagger            |     3 |       ||     3
 Fire: Hunting sling     |       |    10 ||    10
 Cast: Magic Dart        |    80 |    44 ||   124
       Call Imp          |     5 |     5 ||    10
       Mephitic Cloud    |     1 |     3 ||     4
       Blink             |       |     3 ||     3
  Use: Scroll            |       |     4 ||     4
  Eat: Chunk             |     1 |     2 ||     3
Armor: Robe              |     1 |     9 ||    10
Dodge: Dodged            |     7 |    53 ||    60
